 Dungeon Crawl Stone Soup version 0.29.1-2-gbd0b4ee654 (webtiles) character file.

Game seed: 18314560221911180859

93 safid the Shooter (level 4, -2/41 HPs)
             Began as a Minotaur Hunter on Nov 8, 2022.
             Slain by an ogre
             ... wielding a +0 giant club
              (13 damage)
             ... on level 4 of the Dungeon.
             The game lasted 00:03:09 (2457 turns).

safid the Shooter (Minotaur Hunter)                 Turns: 2457, Time: 00:03:09

Health: -2/41      AC:  6    Str: 16    XL:     4   Next: 37%
Magic:  3/3        EV: 10    Int:  6    God:
Gold:   198        SH:  0    Dex: 15    Spells: 3/3 levels left

rFire   . . .      SeeInvis .   a - +0 shortbow
rCold   . . .      Faith    .   (shield currently unavailable)
rNeg    . . .      Spirit   .   g - +0 scale mail
rPois   .          Reflect  .   (helmet restricted)
rElec   .          Harm     .   (no cloak)
rCorr   .          Rampage  .   (no gloves)
Will    .....                   (no boots)
Stlth   ..........              (no amulet)
HPRegen 0.13/turn               (no ring)
MPRegen 0.08/turn               (no ring)

@: no status effects
A: horns 2, retaliatory headbutt
a: no special abilities


You were on level 4 of the Dungeon.
You visited 1 branch of the dungeon, and saw 4 of its levels.

You collected 198 gold pieces.

Inventory:

Hand Weapons
 a - a +0 shortbow (weapon)
Armour
 g - a +0 scale mail (worn)
Jewellery
 j - an amulet of regeneration
Wands
 h - a wand of roots (14)
 n - a wand of mindburst (10)
 p - a wand of flame (11)
Scrolls
 d - 3 scrolls of identify {unknown}
 f - 3 scrolls of amnesia {unknown}
 i - a scroll of noise {unknown}
 k - a scroll of torment {unknown}
 l - a scroll of poison {unknown}
 o - a scroll of silence {unknown}
Potions
 b - 4 potions of curing {unknown}
 c - 2 potions of haste {unknown}
 e - a potion of cancellation {unknown}
 m - a potion of degeneration {unknown}
 q - a potion of invisibility {unknown}


   Skills:
 + Level 4.3 Fighting
 + Level 5.5 Ranged Weapons
 - Level 2.1 Dodging
 - Level 0.7 Stealth


You had 3 spell levels left.
You didn't know any spells.
Your spell library contained the following spells:

 Spells                   Type           Power      Damage    Failure   Level
 Magic Dart               Conj           0%         1d3       88%         1
 Call Imp                 Summ           0%         N/A       96%         2
 Static Discharge         Conj/Air       0%         3-3/arc   96%         2
 Mephitic Cloud           Conj/Pois/Air  0%         N/A       99%         3
 Dispel Undead            Necr           0%         3d6       100%        4
 Sticky Flame             Conj/Fire      0%         2d3       100%        4


Dungeon Overview and Level Annotations

Branches:
Dungeon (4/15)
 Temple: D:4-7

Altars:
Sif Muna

Shops:
D:1 (   D:3 =


Innate Abilities, Weirdness & Mutations

You have a pair of horns on your head.
You reflexively headbutt those who attack you in melee.


Message History

An ogre is nearby!
An ogre is nearby!
You shoot an arrow. The arrow barely misses the ogre.
A dart slug comes into view.
You shoot an arrow. The arrow hits the ogre.
The ogre is moderately wounded.
You shoot an arrow. The arrow barely misses the ogre.
You shoot an arrow. The arrow hits the ogre.
The ogre is moderately wounded.
The ogre hits you with a +0 giant club!
You shoot an arrow. The arrow barely misses the ogre.
The arrow hits the dart slug.
The dart slug is lightly wounded.
The ogre hits you with a +0 giant club!
You are too injured to fight recklessly!
You are too injured to fight recklessly!
You are too injured to fight recklessly!
You are too injured to fight recklessly!
Fire: a) +0 shortbow
Press: ? - help, Q - select action, (/) - cycle Shift-Dir - straight line, f/p - ogre
Aim: an ogre, wielding a +0 giant club (moderately wounded, 77% to hit)
You shoot an arrow. The arrow hits the ogre.
The ogre is moderately wounded.
Unknown command.
Fire: a) +0 shortbow
Press: ? - help, Q - select action, (/) - cycle Shift-Dir - straight line, f/p - ogre
Aim: an ogre, wielding a +0 giant club (moderately wounded, 77% to hit)
You shoot an arrow. The arrow barely misses the ogre.
The arrow hits the dart slug.
The dart slug is heavily wounded.
The ogre hits you with a +0 giant club!
* * * LOW HITPOINT WARNING * * *
Unknown command.
Fire: a) +0 shortbow
Press: ? - help, Q - select action, (/) - cycle Shift-Dir - straight line, f/p - ogre
Aim: an ogre, wielding a +0 giant club (moderately wounded, 77% to hit)
You shoot an arrow. The arrow hits the ogre.
The ogre is heavily wounded.
The ogre hits you with a +0 giant club!
You die...

....#....###. .#
.......#...)##.####..
..................... .
..........)....# ..
..............## ...
.#............# ....
..............#####.....
†##....#....#...........
..........####..@.#...
#..........##..##O#
.........#.##.## w..
.........#.##. .....
.........#.... .#.....
.........#.### ##.....
.........#.# ....
#......)..... ....
.........#...#


You could see an ogre and a dart slug.

Vanquished Creatures
  2 adders
  An ufetubus (D:3)
  2 dart slugs
  8 endoplasms
  3 giant cockroaches
  10 goblins
  2 hobgoblins (D:1)
  4 jackals (D:1)
  3 kobolds
  2 quokkas (D:2)
  7 ball pythons
  8 bats
  2 frilled lizards
  5 rats (D:2)
59 creatures vanquished.

Notes
Turn   | Place    | Note
-------+----------+-------------------------------------------
     0 | D:1      | safid the Minotaur Hunter began the quest for the Orb.
     0 | D:1      | Reached XP level 1. HP: 18/18 MP: 0/0
   195 | D:1      | Found Toxerast's Weapon Shop.
   247 | D:1      | Reached XP level 2. HP: 26/26 MP: 1/1
   493 | D:1      | Reached XP level 3. HP: 31/31 MP: 2/2
   566 | D:1      | Reached skill level 5 in Ranged Weapons
   996 | D:2      | Found a shimmering blue altar of Sif Muna.
  1813 | D:3      | Found a faded altar of an unknown god.
  1862 | D:3      | Found Vischauru's Jewellery Shoppe.
  1915 | D:3      | Reached XP level 4. HP: 40/40 MP: 3/3
  2449 | D:4      | Noticed an ogre
  2457 | D:4      | Slain by an ogre

Illustrated notes

Levels and vault maps discovered:
D:1:      roderic_dead_forest, layout_basic, serial_shops,
          nicolae_shop_competitors_out_of_business
D:2:      layout_basic, basic_altar
D:3:      layout_basic, nicolae_ecumenical_pavilion, serial_shops,
          nicolae_shop_waterfront, kennysheep_boxes
D:4:      layout_rooms, trog_wizard

Skill      XL: |  1  2  3 |
---------------+----------+-----
Fighting       | 3 4 |  4.3
Ranged Weapons | 5 |  5.5
Dodging        | |  2.1
Stealth        | |  0.7

Action                   |  1- 3 |  4- 6 || total
-------------------------+-------+-------++-------
 Fire: Shortbow          |   122 |    37 ||   159
Armor: Leather armour    |    12 |       ||    12
       Scale mail        |    22 |     9 ||    31
Dodge: Dodged            |    45 |    15 ||    60
